 Dungeon Crawl Stone Soup version 0.19.1 (webtiles) character file.

80 Firecrotchwizard the Conjurer (level 4, -4/24 HPs)
             Began as a Deep Elf Conjurer on Dec 9, 2016.
             Slain by a gnoll
             ... wielding a +0 spear
              (6 damage)
             ... on level 2 of the Dungeon.
             The game lasted 00:03:42 (1877 turns).

Firecrotchwizard the Conjurer (Deep Elf Conjurer)   Turns: 1877, Time: 00:03:43

Health: -4/24      AC:  2    Str:  5    XL:     4   Next: 18%
Magic:  0/11       EV: 13    Int: 21    God:
Gold:   116        SH:  0    Dex: 15    Spells: 2 memorised, 7 levels left

rFire  . . .     SeeInvis .     g - +0 dagger
rCold  . . .     Gourm    .     a - +0 robe
rNeg   . . .     Faith    .     (no shield)
rPois  .         Spirit   .     (no helmet)
rElec  .         Reflect  .     (no cloak)
rCorr  .         Harm     .     (no gloves)
MR     .....                    (no boots)
Stlth  ++........               (no amulet)
                                (no ring)
                                (no ring)

@: no status effects
A: no striking features
a: no special abilities


You were on level 2 of the Dungeon.
You were hungry.

You visited 1 branch of the dungeon, and saw 2 of its levels.

You collected 116 gold pieces.

Inventory:

Hand Weapons
 g - a +0 dagger (weapon)
Armour
 a - a +0 robe (worn)
Scrolls
 e - a scroll of identify {unknown}
 h - a scroll of blinking {unknown}
 m - a scroll of random uselessness {unknown}
 n - a scroll of fear {unknown}
 o - a scroll of teleportation {unknown}
Potions
 i - a potion of invisibility {unknown}
 j - a potion of agility {unknown}
 k - a potion of degeneration {unknown}
 l - a potion of heal wounds {unknown}
Books
 b - a book of Conjurations

   Spells                             Type                      Level
   a - Magic Dart                     Conjuration                  1
   b - Searing Ray                    Conjuration                  2
   c - Dazzling Spray                 Conjuration/Hexes            3
   d - Fulminant Prism                Conjuration/Hexes            4
   e - Iskenderun's Mystic Blast      Conjuration                  4
   f - Iskenderun's Battlesphere      Conjuration/Charms           5
Comestibles
 c - 3 bread rations
 d - a slice of pizza
 f - 2 beef jerkies


   Skills:
 + Level 3.2 Dodging
 + Level 3.4 Stealth
 + Level 3.6 Spellcasting
 * Level 5.2 Conjurations


You had 7 spell levels left.
You knew the following spells:

 Your Spells              Type           Power        Failure   Level  Hunger
a - Magic Dart            Conj           ####         1%          1    None
b - Searing Ray           Conj           ####..       1%          2    ##.....


Dungeon Overview and Level Annotations

Branches:
Dungeon (2/15)

Altars:


Message History

The gnoll hits you from afar with a spear.
* * * LOW HITPOINT WARNING * * *
Casting: Magic Dart
Confirm with . or Enter, or press ? or * to list all spells.
Aiming: Magic Dart
Press: ? - help, Shift-Dir - straight line, f/p - gnoll
Aim: a gnoll, wielding a flail (almost dead)
The magic dart hits the gnoll.
You kill the gnoll!
The gnoll hits you from afar with a spear.
* * * LOW HITPOINT WARNING * * *
Casting: Magic Dart
Confirm with . or Enter, or press ? or * to list all spells.
Aiming: Magic Dart
Press: ? - help, Shift-Dir - straight line, f - gnoll
Aim: a gnoll, wielding a spear The magic dart hits the gnoll.
The gnoll is moderately wounded.
The gnoll hits you from afar with a spear.
You die...

..........#.....
#########............
#......##.#.###..)...
.
######.#..#.###.(....
#.# #.#.##...##.....
... ##...####..#.####
.. #........#(###
#g##.######.#.#
#.)@.# #...# ######
#####


You could see a gnoll.

Vanquished Creatures
  3 gnolls (D:2)
  2 adders (D:2)
  3 worms
  A dart slug (D:1)
  A giant cockroach (D:2)
  A goblin (D:1)
  4 hobgoblins (D:1)
  A jackal (D:1)
  A ball python (D:2)
  2 bats
  4 kobolds
  3 rats
26 creatures vanquished.

Notes
Turn   | Place    | Note
-------+----------+-------------------------------------------
     0 | D:1      | Firecrotchwizard the Deep Elf Conjurer began the quest for the Orb.
     0 | D:1      | Reached XP level 1. HP: 10/10 MP: 6/6
   679 | D:1      | Reached XP level 2. HP: 15/15 MP: 6/8
   684 | D:1      | Learned a level 2 spell: Searing Ray
  1467 | D:2      | Reached XP level 3. HP: 19/19 MP: 3/10
  1644 | D:2      | Reached skill level 5 in Conjurations
  1872 | D:2      | Reached XP level 4. HP: 24/24 MP: 4/11
  1876 | D:2      | HP: 1/24 [gnoll/spear (3)]
  1877 | D:2      | Slain by a gnoll

Skill      XL: |  1  2  3 |
---------------+----------+-----
Stealth        | 3 |  3.4
Conjurations   | 5 |  5.2
Dodging        | 3 |  3.2
Spellcasting   | |  3.6

Action                   |  1- 3 |  4- 6 || total
-------------------------+-------+-------++-------
 Cast: Magic Dart        |    64 |     6 ||    70
       Searing Ray       |     1 |       ||     1
  Eat: Chunk             |     2 |       ||     2
Armor: Robe              |     1 |       ||     1
Dodge: Dodged            |     3 |     1 ||     4
